 Dungeon Crawl Stone Soup version 0.29.1-12-g30fa7ad0bf (webtiles) character file.

Game seed: 18376071414912225810

1721483 Garym the Minotaur Barricade (level 27, 273/273 HPs)
             Began as a Minotaur Fighter on Dec 15, 2022.
             Was an Elder of Okawaru.
             Escaped with the Orb
             ... and 3 runes on Dec 18, 2022!
             The game lasted 04:15:55 (67022 turns).

Garym the Minotaur Barricade (Minotaur Fighter)    Turns: 67022, Time: 04:15:56

Health: 273/273    AC: 46    Str: 29    XL:     27
Magic:  34/34      EV: 14    Int:  3    God:    Okawaru [****..]
Gold:   5972       SH: 36    Dex: 16    Spells: 42/42 levels left

rFire   + . .      SeeInvis .   K - +9 broad axe (elec)
rCold   + . .      Faith    .   i - +6 tower shield {rC+}
rNeg    + . .      Spirit   .   F - +10 plate armour "Nusaehet" {rElec rPois}
rPois   +          Reflect  +   q - +2 hood of the Assassin {Detection Stab+ Stlth++}
rElec   +          Harm     .   S - +2 cloak {Will+}
rCorr   .          Rampage  .   J - +2 pair of gloves "Ylos" {rC- rN+ Will+}
Will    +++++      Rage     3%  p - +2 pair of boots
Stlth   ..........              v - amulet of Izo Wain {Reflect Dex+3 SH+5}
HPRegen 0.55/turn               y - ring "Umugyen" {rF+ rC+ Str-3 Slay+4}
MPRegen 0.24/turn               B - ring "Jepy" {Will+ Slay+5}

@: studying 2 skills
A: horns 2, retaliatory headbutt, berserk 1, dopey 1, inability to read after
injury 1, sturdy frame 1
0: Orb of Zot
}: 3/15 runes: decaying, serpentine, silver
a: Renounce Religion, Heroism, Finesse


You escaped.
You worshipped Okawaru.
Okawaru was greatly pleased with you.
You visited 11 branches of the dungeon, and saw 49 of its levels.
You visited the Abyss 1 time.
You also visited: Bailey, Gauntlet, Ice Cave and Volcano.

You collected 7975 gold pieces.
You spent 2003 gold pieces at shops.

Inventory:

Hand Weapons
 K - a +9 broad axe of electrocution (weapon)
 W - the +8 broad axe "Misead" {spect, rF+ rCorr}
   (Okawaru gifted it to you on level 5 of the Lair of Beasts)

   When its wielder attacks, the weapon's spirit leaps out and strikes again.
   The spirit shares a part of any damage it takes with its wielder.
   rF:        It protects you from fire.
   rCorr:     It protects you from acid and corrosion.
Missiles
 c - 10 curare-tipped darts
 g - 7 silver javelins
 h - 22 atropa-tipped darts
 m - 97 poisoned darts
 o - 12 boomerangs of dispersal
 u - 23 javelins
 P - a throwing net
 Q - a silver boomerang (quivered)
Armour
 i - a +6 tower shield of cold resistance (worn)
 p - a +2 pair of boots (worn)
 q - the +2 hood of the Assassin (worn) {Detection Stab+ Stlth++}
   (Okawaru gifted it to you on level 5 of the Vaults)

   It allows the wearer to sense nearby creatures.
   It allows the wearer to make particularly effective stabbing attacks against
   helpless or unaware enemies with any weapon.
   Stlth:     It makes you much more stealthy.
 F - the +10 plate armour "Nusaehet" (worn) {rElec rPois}
   (You bought it in a shop on level 3 of the Snake Pit)

   rElec:     It insulates you from electricity.
   rPois:     It protects you from poison.
 H - the +2 hat of Taih {rElec rPois Str-5 Stlth+}
   (Okawaru gifted it to you on level 2 of the Realm of Zot)

   Str:       It affects your strength (-5).
   rElec:     It insulates you from electricity.
   rPois:     It protects you from poison.
   Stlth:     It makes you more stealthy.
 J - the +2 pair of gloves "Ylos" (worn) {rC- rN+ Will+}
   (You found it on level 3 of the Vaults)

   rC:        It makes you vulnerable to cold.
   rN:        It protects you from negative energy.
   Will:      It increases your willpower.
 S - a +2 cloak of willpower (worn)
Jewellery
 b - a ring of see invisible
 v - the amulet of Izo Wain (around neck) {Reflect Dex+3 SH+5}
   (You acquired it on level 2 of the Snake Pit)

   [amulet of reflection]

   It reflects blocked missile attacks.
   Dex:       It affects your dexterity (+3).
   SH:        It affects your SH (+5).
 x - a ring of flight
 y - the ring "Umugyen" (left hand) {rF+ rC+ Str-3 Slay+4}
   (You found it in a Gauntlet)

   [ring of protection from cold]

   Str:       It affects your strength (-3).
   Slay:      It affects your accuracy & damage with ranged weapons and melee
   (+4).
   rF:        It protects you from fire.
   rC:        It protects you from cold.
 B - the ring "Jepy" (right hand) {Will+ Slay+5}
   (You acquired it on level 8 of the Dungeon)

   [ring of willpower]

   Slay:      It affects your accuracy & damage with ranged weapons and melee
   (+5).
   Will:      It increases your willpower.
Wands
 s - a wand of digging (12)
 w - a wand of paralysis (81)
 C - a wand of flame (80)
 D - a wand of acid (21)
 E - a wand of mindburst (20)
 U - a wand of roots (44)
Scrolls
 a - 4 scrolls of silence
 d - 3 scrolls of magic mapping
 e - 23 scrolls of teleportation
 k - 7 scrolls of noise
 G - 6 scrolls of poison
 I - 6 scrolls of immolation
 L - 9 scrolls of fog
 M - 7 scrolls of fear
 N - 2 scrolls of torment
 R - 3 scrolls of blinking
Potions
 f - 11 potions of heal wounds
 l - 18 potions of curing
 n - 7 potions of cancellation
 r - 14 potions of haste
 t - 8 potions of might
 z - a potion of invisibility
 T - a potion of brilliance
 X - 2 potions of resistance
 Y - 10 potions of flight
Miscellaneous
 A - a phial of floods
 O - a condenser vane
 V - a tin of tremorstones (2/2)
 Z - a lightning rod (4/4)


   Skills:
 O Level 27 Fighting
 - Level 18.0 Axes
 + Level 15.2 Throwing
 O Level 27 Armour
 + Level 9.0 Dodging
 O Level 27 Shields
 + Level 8.3 Spellcasting
 + Level 15.6 Invocations
 + Level 11.0 Evocations


You had 42 spell levels left.
You didn't know any spells.
Your spell library contained the following spells:

 Spells                   Type           Power      Damage    Failure   Level
 Apportation              Tloc           2%         N/A       52%         1
 Foxfire                  Conj/Fire      4%         2x1d4     52%         1
 Freeze                   Ice            4%         1d3       52%         1
 Magic Dart               Conj           4%         1d3       52%         1
 Necrotise                Necr           4%         1d4       52%         1
 Sandblast                Erth           2%         2d4       52%         1
 Shock                    Conj/Air       4%         1d3       52%         1
 Slow                     Hex            4%         N/A       52%         1
 Blink                    Tloc           2%         N/A       65%         2
 Ensorcelled Hibernation  Hex/Ice        2%         N/A       65%         2
 Passwall                 Tmut/Erth      0%         N/A       65%         2
 Static Discharge         Conj/Air       1%         3-4/arc   65%         2
 Sublimation of Blood     Necr           1%         N/A       65%         2
 Wereblood                Tmut           1%         N/A       65%         2
 Confusing Touch          Hex            1%         N/A       87%         3
 Conjure Flame            Conj/Fire      1%         6-21      87%         3
 Dazzling Flash           Conj/Hex       2%         N/A       87%         3
 Frozen Ramparts          Ice            2%         1d1       87%         3
 Inner Flame              Hex/Fire       1%         N/A       87%         3
 Lesser Beckoning         Tloc           1%         N/A       87%         3
 Mephitic Cloud           Conj/Pois/Air  1%         N/A       87%         3
 Ozocubu's Armour         Ice            1%         N/A       87%         3
 Portal Projectile        Hex/Tloc       2%         N/A       87%         3
 Spider Form              Tmut/Pois      1%         N/A       87%         3
 Stone Arrow              Conj/Erth      2%         3d7       87%         3
 Swiftness                Air            1%         N/A       87%         3
 Vampiric Draining        Necr           1%         2d6       87%         3
 Airstrike                Air            0%         2d(1-17)  99%         4
 Anguish                  Hex/Necr       0%         N/A       99%         4
 Cause Fear               Hex            0%         N/A       99%         4
 Dispel Undead            Necr           1%         3d6       99%         4
 Flame Wave               Conj/Fire      1%         2d4       99%         4
 Hailstorm                Conj/Ice       1%         3d3       99%         4
 Leda's Liquefaction      Hex/Erth       0%         N/A       99%         4
 Olgreb's Toxic Radiance  Pois           1%         N/A       99%         4
 Passage of Golubria      Tloc           1%         N/A       99%         4
 Petrify                  Tmut/Erth      1%         N/A       99%         4
 Sticky Flame             Conj/Fire      1%         2d3       99%         4
 Agony                    Necr           1%         N/A       100%        5
 Alistair's Intoxication  Tmut/Pois      0%         N/A       100%        5
 Blade Hands              Tmut           0%         N/A       100%        5
 Fireball                 Conj/Fire      0%         3d3       100%        5
 Irradiate                Conj/Tmut      0%         3d11      100%        5
 Iskenderun's Battlesphe  Conj           1%         2d6       100%        5
 Lee's Rapid Deconstruct  Erth           0%         3d5*      100%        5
 Manifold Assault         Tloc           1%         N/A       100%        5
 Metabolic Englaciation   Hex/Ice        0%         N/A       100%        5
 Silence                  Hex/Air        0%         N/A       100%        5
 Conjure Ball Lightning   Conj/Air       0%         3x3d6     100%        6
 Dispersal                Tloc           0%         N/A       100%        6
 Eringya's Noxious Bog    Tmut/Pois      0%         N/A       100%        6
 Statue Form              Tmut/Erth      0%         N/A       100%        6
 Dragon Form              Tmut           0%         N/A       100%        7
 Enfeeble                 Hex            0%         N/A       100%        7
 Orb of Destruction       Conj           0%         9d5       100%        7
 Ozocubu's Refrigeration  Ice            0%         4d7       100%        7
 Storm Form               Tmut/Air       0%         N/A       100%        7
 Discord                  Hex            0%         N/A       100%        8
 Disjunction              Tloc           0%         N/A       100%        8
 Ignition                 Fire           0%         3d3       100%        8
 Lehudib's Crystal Spear  Conj/Erth      0%         10d2      100%        8
 Maxwell's Capacitive Co  Air            0%         ∞         100%        8
 Summon Small Mammal      Summ           Unusable   N/A       N/A         1
 Call Imp                 Summ           Unusable   N/A       N/A         2
 Call Canine Familiar     Summ           Unusable   N/A       N/A         3
 Summon Guardian Golem    Hex/Summ       Unusable   N/A       N/A         3
 Summon Lightning Spire   Summ/Air       Unusable   N/A       N/A         4
 Summon Forest            Summ/Tloc      Unusable   N/A       N/A         5
 Simulacrum               Ice/Necr       Unusable   N/A       N/A         6
 Malign Gateway           Summ/Tloc      Unusable   N/A       N/A         7
 Spellforged Servitor     Conj/Summ      Unusable   N/A       N/A         7
 Summon Hydra             Summ           Unusable   N/A       N/A         7

Dungeon Overview and Level Annotations

Branches:
Dungeon (15/15)            Temple (1/1) D:7            Lair (5/5) D:11
  Swamp (4/4) Lair:3        Snake (4/4) Lair:2        Slime (1/5) Lair:4
    Orc (2/2) D:12            Elf (3/3) Orc:2        Vaults (5/5) D:14
  Crypt (0/3) Vaults:2     Depths (4/4) D:15            Zot (5/5) Depths:4
 Bailey (visited)           IceCv (visited)         Volcano (visited)
Gauntlet (visited)

Altars:
Ashenzari
Cheibriados
Dithmenos
Elyvilon
Fedhas
Gozag
Hepliaklqana
Kikubaaqudgha
Makhleb
Nemelex Xobeh
Okawaru
Qazlal
Ru
Sif Muna
Trog
Uskayaw
Vehumet
Wu Jian
Xom
Yredelemnul
Zin
The Shining One
Jiyva
Lugonu

Shops:
D:1 !   D:5 [   D:15 [   Orc:1 *   Orc:2 [*:(   Elf:1 *   Snake:3 [
Snake:4 !?(   Vaults:2 [   Vaults:4 (   Depths:4 [

Portals:
Hell: Depths:1 Depths:2 Depths:3 Depths:4
Abyss: Depths:3
Pandemonium: Depths:2
Ziggurat: Depths:3


Innate Abilities, Weirdness & Mutations

You have a pair of horns on your head.
You reflexively headbutt those who attack you in melee.
You sometimes lose your temper in combat.
You are dopey. (Int -2)
You occasionally lose the ability to read scrolls when taking damage.
Your movements are slightly less encumbered by armour. (ER -2)


Message History

There is a stone staircase leading down here.
A lich comes into view.
You hear a chilling moan.
The lich moves out of view.
Mizoclue comes into view.
Mizoclue moves out of view.
The lich casts a spell.
The lich seems to speed up.
You see here a +0 trident.
You block the lich's attack.
You slice the lich!! Lightning courses through the lich!
The lich is heavily damaged.
You block the lich's attack.
You cut the lich into ribbons!!!
You destroy the lich!
Okawaru accepts your kill.
You see here 3 scrolls of amnesia.
There is a stone staircase leading up here.
You climb upwards.
There is a stone staircase leading down here.
(D) Dungeon (T) Temple (L) Lair (S) Swamp (P) Snake Pit (M) Slime Pits (O) Orcish Mines (E) Elven Halls (V) Vaults (C) Crypt (U) Depths (H) Hell (Z) Zot
Where to? (Enter - D:1 @ (x,y), ? - help)
What level of the Dungeon? (default 1, ? - help)
You sense a monster nearby.
A sun demon comes into view.
There is a stone staircase leading up here.
You climb upwards.
There is a stone staircase leading down here.
(D) Dungeon (T) Temple (L) Lair (S) Swamp (P) Snake Pit (M) Slime Pits (O) Orcish Mines (E) Elven Halls (V) Vaults (C) Crypt (U) Depths (H) Hell (Z) Zot
Where to? (Enter - D:1, ? - help)
What level of the Dungeon? (default 1, ? - help)
There is an open door here.
There is a staircase leading out of the dungeon here.
You have escaped!

#
#..#..).#.#.###.............##
###.#######.#................##
....# #.)...................###
..#####.....#.##..........>...#
#....)...#######.#######..###.#
.######.#.### #.# ###.#.# #.#
..###...##..####'####..##.# #.#
........####..'...'..####.# #.#
#.......# ####.@.#### #.# #.#
####....####..'...'..####.# #.#
# #.....##..####'####..##.# #.#
###.....#.### #.# ###.#.###.#
#...##...#######.########..##.#
'..###.....................##.#
#..###.........#.....#####.##.#
....#####.#.....####.# #.####
........#.#...#..###.# #.#


There were no monsters in sight!

Vanquished Creatures
  6 dread liches
  4 ancient liches
  2 orbs of fire (Zot:5)
  Mara (Swamp:3)
  2 juggernauts (Depths:3)
  The ghost of Gekot the Conqueror, a veteran MiBe of Trog (Zot:5)
  Boris (thrice) (Vaults:4 Vaults:5 Depths:2)
  Bai Suzhen (Vaults:3)
  Saint Roka (Elf:3)
  Xtahua (Vaults:4)
  6 curse toes
  Vashnia (Snake:2)
  2 caustic shrikes (Depths:3)
  Frederick (Vaults:3)
  2 Killer Klowns
  Jory (Depths:3)
  A profane servitor (Zot:5)
  11 golden dragons
  Nikola (Depths:2)
  2 Tzitzimimeh
  4 electric golems
  Jorgrun (D:14)
  13 tentacled monstrosities
  Mlioglotl (Snake:1)
  27 Orb Guardians
  2 deep elf blademasters (Elf:3)
  2 walking earthen tomes (Depths:3)
  5 quicksilver dragons
  A walking crystal tome (Depths:3)
  5 liches
  6 titans (Vaults:5)
  2 deep elf master archers (Elf:3)
  3 acid blobs
  12 death cobs
  2 tentacled starspawn (Abyss:1)
  11 tengu reavers
  Agnes (Elf:1)
  2 sphinxes
  12 storm dragons
  Roxanne (Snake:1)
  5 azure jellies
  4 draconian monks
  2 nagarajas (Snake:4)
  A storm dragon (shapeshifter) (Depths:3)
  15 shadow dragons
  The ghost of Yamstis the Nimble, an adept GnMo of Makhleb (D:15)
  2 rockslimes
  The ghost of AyAyRon the Bludgeoner, an adept DsFi of Yredelemnul (D:15)
  Donald (Orc:2)
  17 vault wardens
  12 fire giants
  The ghost of nullcheck the Thaumaturge, a journeyman GnCj of Ashenzari (Orc:1)
  5 draconian scorchers
  2 orc warlords
  Louise (D:14)
  4 draconian knights
  A cacodemon (Vaults:3)
  7 frost giants
  9 deep elf elementalists (Elf:3)
  The ghost of jombi the Alchemist, an adept FeSu of Gozag (Vaults:3)
  10 deep elf sorcerers
  Aizul (Snake:1)
  2 ghost moths (Zot:5)
  12 draconian shifters
  4 quicksilver oozes (Lair:5)
  A draconian stormcaller (Zot:5)
  A reaper (Depths:3)
  A spriggan defender (Depths:2)
  The ghost of Gekot the Warrior, a journeyman MiBe of Trog (Lair:4)
  4 draconian annihilators
  3 war gargoyles
  17 ironbound preservers
  A juggernaut skeleton (Depths:3)
  16 stone giants
  The ghost of diceflayer the Warrior, a journeyman DsHu of Okawaru (Lair:4)
  A vampire knight (Depths:3)
  5 ironbound thunderhulks
  8 deep elf demonologists
  24 very ugly things
  6 eleionomae
  7 black draconians
  A demonspawn black sun (D:14)
  A lorocyproca (D:14)
  17 green draconians
  2 entropy weavers
  7 deep elf annihilators
  A minotaur (Gauntlet)
  10 bunyips
  7 red draconians
  11 yellow draconians
  14 white draconians
  3 dire elephants
  14 purple draconians
  3 spark wasps
  Snorg (D:14)
  11 fire dragons
  3 blizzard demons
  11 ettins
  7 deep elf death magi
  5 crystal guardians
  10 great orbs of eyes
  Josephine (Orc:1)
  7 deep elf high priests
  10 yaktaur captains
  2 shambling mangroves
  12 hydras
  7 rakshasas
  A spriggan air mage (Depths:3)
  15 ice dragons
  3 salamander tyrants
  8 boulder beetles
  4 hell beasts
  8 ironbound frosthearts
  38 vault guards
  A merfolk avatar (Lair:5)
  15 centaur warriors
  2 peacekeepers
  4 ghost crabs
  Erica (D:11)
  An ogre mage (Vaults:5)
  8 alligators
  A two-headed ogre (D:10)
  A catoblepas (Lair:4)
  24 dancing weapons
  10 anacondas
  5 deep troll shamans
  14 naga warriors
  A death knight (D:14)
  8 deep troll earth magi
  12 tengu warriors
  2 orc high priests
  7 shock serpents
  A vampire mage (Depths:3)
  14 hell knights
  4 spriggan berserkers
  Sonja (D:12)
  11 spriggans
  2 soul eaters
  15 deep elf knights
  16 naga sharpshooters
  A wretched star (Abyss:1)
  A fire crab (shapeshifter) (Vaults:3)
  5 iron trolls
  3 sun demons
  5 salamander mystics
  An entropy weaver zombie (Vaults:1)
  Lodul (D:14)
  3 sixfirhies
  2 goliath frogs
  36 deep trolls
  2 glowing orange brains
  5 swamp dragons
  2 starcursed masses (Abyss:1)
  4 spriggan druids
  A flayed ghost (Depths:2)
  2 obsidian statues
  15 deep elf archers
  4 bog bodies
  2 orange crystal statues
  8 wizards
  4 naga ritualists
  5 phantasmal warriors
  11 necromancers
  A harpy (Lair:5)
  12 ironbound convokers
  3 lindwurms (Snake:4)
  22 orc knights
  4 orc sorcerers
  Pikel (D:6)
  2 large abominations (Abyss:1)
  30 deep elf pyromancers
  A salamander (shapeshifter) (Elf:1)
  14 mana vipers
  27 ugly things
  24 deep elf zephyrmancers
  A manticore (shapeshifter) (Vaults:3)
  2 tengu skeletons
  4 cyclopes
  3 shining eyes (Slime:1)
  2 worldbinders
  An oklob plant (Lair:5)
  A manticore (D:13)
  5 will-o-the-wisps
  20 salamanders
  A cyclops (shapeshifter) (Vaults:5)
  Maurice (D:8)
  Joseph (D:11)
  26 moths of wrath
  13 elephants
  A black mamba (shapeshifter) (D:15)
  2 rust devils
  A stone giant skeleton (Vaults:1)
  A centaur zombie (D:10)
  34 black mambas
  24 vault sentinels
  A molten gargoyle (Volcano)
  22 naga magi
  10 guardian serpents
  6 smoke demons
  A water nymph (shapeshifter) (Vaults:5)
  A torpor snail (shapeshifter) (Vaults:5)
  Maggie (D:6)
  14 cane toads
  An orange demon (Depths:3)
  An ice statue (IceCv)
  An unseen horror (shapeshifter) (Vaults:5)
  An unseen horror zombie (D:10)
  2 centaur skeletons (D:10)
  6 rime drakes
  2 kobold demonologists
  A yaktaur (shapeshifter) (Vaults:3)
  Psyche (D:9)
  An efreet (Volcano)
  8 komodo dragons
  12 freezing wraiths
  30 yaktaurs
  4 anaconda simulacra (IceCv)
  A hellwing (Depths:2)
  14 ice devils
  3 tengu conjurers
  3 meliai (D:15)
  A merfolk (shapeshifter) (Vaults:5)
  6 polar bears
  16 hornets
  7 trolls
  3 tyrant leeches
  3 wind drakes (Lair:5)
  A tarantella (shapeshifter) (Vaults:3)
  Grinder (D:6)
  Prince Ribbit (D:6)
  13 blink frogs
  A deep troll zombie (Vaults:4)
  2 blink frogs (shapeshifter)
  A hornet (shapeshifter) (Vaults:3)
  A tengu simulacrum (Depths:3)
  48 slime creatures
  10 dream sheep (Lair:3)
  12 raiju (Abyss:1)
  4 snapping turtles (Lair:5)
  2 culicivoras (shapeshifter)
  5 wraiths
  3 water elementals
  5 air elementals
  2 dire elephant simulacra (IceCv)
  6 wyverns
  A shadow (D:12)
  6 golden eyes (D:12)
  4 fire elementals
  51 yaks
  5 ynoxinuls
  6 basilisks
  6 swamp worm simulacra (Swamp:4)
  4 death yak simulacra (IceCv)
  2 chaos spawn (Depths:2)
  3 steam dragons
  A redback (Vaults:2)
  8 vampire mosquitoes
  9 small abominations (Abyss:1)
  A human simulacrum (Vaults:4)
  10 swamp worms
  4 harpy simulacra (IceCv)
  An acid dragon (D:13)
  11 wargs
  38 nagas
  16 water moccasins
  15 hydra simulacra (Swamp:4)
  A floating eye (shapeshifter) (Vaults:3)
  2 glowing shapeshifter skeletons (Vaults:4)
  2 swamp drakes
  3 ice beasts
  45 orc warriors
  5 black bears
  A sky beast (D:7)
  A floating eye (Depths:3)
  A black bear (shapeshifter) (Vaults:5)
  13 wolves (Lair:5)
  18 centaurs
  6 boggarts
  21 ogres
  An elf simulacrum (Vaults:1)
  A phantom (D:7)
  8 kobold brigands
  7 gnoll sergeants
  Blork the orc (D:6)
  9 earth elementals
  7 bullfrogs
  A necrophage (D:4)
  4 cane toad simulacra (IceCv)
  A two-headed ogre simulacrum (IceCv)
  7 scorpions
  5 wights (D:10)
  An electric eel (Lair:5)
  5 howler monkeys
  9 elephant simulacra (IceCv)
  16 jellies
  Crazy Yiuf (D:2)
  3 hounds
  21 orc priests
  An iron imp (Abyss:1)
  Jessica (D:2)
  2 gnoll boudas
  26 orc wizards
  6 iguanas
  A polar bear simulacrum (IceCv)
  3 troll simulacra (IceCv)
  A spriggan simulacrum (IceCv)
  2 wolf simulacra (IceCv)
  25 gnolls
  8 adders
  3 shadow imps
  6 white imps
  A howler monkey simulacrum (D:10)
  2 ufetubi (D:7)
  2 swamp drake simulacra (Swamp:4)
  2 worms
  2 dart slugs
  106 orcs
  8 ball pythons
  6 bats
  6 endoplasms
  3 giant cockroaches
  11 goblins
  9 hobgoblins
  3 quokkas
  4 frilled lizards (D:1)
  18 kobolds
  3 rats
  7 bushes (Lair:5)
  A fungus (Lair:5)
  7 plants (Lair:5)
  A starspawn tentacle (Abyss:1)
2243 creatures vanquished.

Vanquished Creatures (others)
  An eldritch tentacle (Zot:5)
  A deep elf sorcerer (Depths:2)
  A deep elf annihilator (Vaults:5)
  A blizzard demon (Depths:3)
  A tengu warrior (Depths:2)
  A vampire mage (Depths:2)
  2 deep elf knights (Elf:2)
  A goliath frog (Swamp:4)
  A manticore (D:13)
  A tyrant leech (Swamp:4)
  A swamp worm (Swamp:4)
  A bush (Lair:5)
  28 foxfires
  44 fungi
  A lurking horror (Abyss:1)
  110 plants
  5 starspawn tentacles (Abyss:1)
  21 toadstools (Lair:5)
222 creatures vanquished.

Grand Total: 2465 creatures vanquished

Notes
Turn   | Place    | Note
-------+----------+-------------------------------------------
     0 | D:1      | Garym the Minotaur Fighter began the quest for the Orb.
     0 | D:1      | Reached XP level 1. HP: 19/19 MP: 0/0
    54 | D:1      | Reached XP level 2. HP: 19/27 MP: 1/1
   285 | D:1      | Found a faded altar of an unknown god.
   472 | D:1      | Found Hifetroebu's Distillery.
   782 | D:2      | Reached XP level 3. HP: 5/33 MP: 2/2
  1543 | D:2      | Noticed Jessica
  1548 | D:2      | Killed Jessica
  1549 | D:2      | Reached XP level 4. HP: 20/40 MP: 3/3
  1869 | D:2      | Found a runed translucent door.
  1870 | D:2      | Noticed Crazy Yiuf
  2010 | D:2      | Killed Crazy Yiuf
  2722 | D:3      | Reached XP level 5. HP: 47/47 MP: 4/4
  2727 | D:3      | Found a hide-covered altar of Uskayaw.
  2729 | D:3      | Found a hazy altar of Hepliaklqana.
  3270 | D:4      | Reached skill level 5 in Axes
  3672 | D:4      | Reached skill level 5 in Fighting
  3672 | D:4      | Reached XP level 6. HP: 56/56 MP: 5/5
  3824 | D:4      | Reached skill level 5 in Shields
  3885 | D:5      | Entered Level 5 of the Dungeon
  3889 | D:5      | Found Nilywnes's Armour Emporium.
  3937 | D:5      | Reached skill level 5 in Armour
  4249 | D:5      | Noticed an ice beast
  4265 | D:5      | Killed an ice beast
  4266 | D:5      | Reached XP level 7. HP: 48/61 MP: 6/6
  4803 | D:5      | Reached XP level 8. HP: 70/70 MP: 7/7
  5099 | D:6      | Noticed Blork the orc
  5111 | D:6      | Killed Blork the orc
  5141 | D:6      | Noticed Grinder
  5149 | D:6      | Killed Grinder
  5152 | D:6      | Noticed Prince Ribbit
  5168 | D:6      | Killed Prince Ribbit
  5216 | D:6      | Noticed Maggie
  5234 | D:6      | Killed Maggie
  5235 | D:6      | Reached XP level 9. HP: 56/79 MP: 8/8
  6100 | D:6      | Reached skill level 10 in Axes
  6310 | D:7      | Reached skill level 10 in Shields
  6325 | D:7      | Noticed Pikel
  6346 | D:6      | Killed Pikel
  6760 | D:7      | Found a staircase to the Ecumenical Temple.
  6772 | Temple   | Entered the Ecumenical Temple
  6781 | Temple   | Became a worshipper of Warmaster Okawaru
  7113 | D:7      | Reached XP level 10. HP: 90/90 MP: 9/9
  7256 | D:7      | Found a glowing golden altar of the Shining One.
  7332 | D:8      | Found a flagged portal.
  7357 | Bailey   | Entered a bailey
  7642 | Bailey   | Reached * piety under Okawaru
  7861 | Bailey   | Noticed an orc knight
  7923 | Bailey   | Killed an orc knight
  7924 | Bailey   | Reached skill level 1 in Invocations
  8774 | D:8      | Noticed Maurice
  8800 | D:8      | Paralysed by Maurice for 4 turns
  8805 | D:8      | Killed Maurice
  8805 | D:8      | Reached ** piety under Okawaru
  8873 | D:8      | Acquired the ring "Jepy" {Will+ Slay+5}
  8879 | D:8      | Acquired a +4 broad axe of pain
  9802 | D:9      | Reached *** piety under Okawaru
  9874 | D:9      | Reached XP level 11. HP: 92/99 MP: 12/12
  9967 | D:9      | Noticed Psyche
  9975 | D:9      | Killed Psyche
 10291 | D:10     | Entered Level 10 of the Dungeon
 10578 | D:10     | Reached skill level 10 in Fighting
 10860 | D:10     | Reached **** piety under Okawaru
 10861 | D:10     | Reached skill level 10 in Armour
 11452 | D:11     | Found a staircase to the Lair.
 11452 | D:11     | Noticed a two-headed ogre
 11477 | D:10     | Reached ***** piety under Okawaru
 11481 | D:10     | Killed a two-headed ogre
 11803 | D:11     | Noticed Erica
 11815 | D:11     | Noticed an orc knight
 11817 | D:11     | Killed Erica
 11831 | D:11     | Killed an orc knight
 11832 | D:11     | Reached skill level 5 in Invocations
 11879 | D:11     | Noticed a wizard
 11885 | D:11     | Killed a wizard
 11894 | D:11     | Noticed an orc knight
 12130 | D:11     | You fall into a shaft and drop 1 floor!
 12180 | D:11     | Killed an orc knight
 12181 | D:11     | Reached XP level 12. HP: 92/108 MP: 12/14
 12242 | D:11     | Noticed Joseph
 12252 | D:11     | Killed Joseph
 12441 | D:11     | Noticed an eight-headed hydra
 12449 | D:11     | Killed a 13-headed hydra
 12450 | D:11     | Reached skill level 1 in Throwing
 13104 | Lair:1   | Entered Level 1 of the Lair of Beasts
 13430 | Lair:1   | Reached skill level 15 in Axes
 13854 | Lair:2   | Identified the +2 hat "Digyf" {Harm Regen+} (Okawaru gifted
                  | it to you on level 2 of the Lair of Beasts)
 13854 | Lair:2   | Received a gift from Okawaru
 13904 | Lair:2   | Found a dark tunnel.
 13913 | Volcano  | Entered a volcano
 14153 | Volcano  | Reached skill level 15 in Shields
 14869 | Lair:2   | Found a staircase to the Snake Pit.
 15095 | Lair:3   | Found a staircase to the Swamp.
 15162 | Lair:3   | Found a gate leading to a gauntlet.
 15169 | Gauntlet | Entered a Gauntlet
 15169 | Gauntlet | Noticed a death scarab
 15169 | Gauntlet | Found a transporter.
 15169 | Gauntlet | Found a runed translucent gate.
 15169 | Gauntlet | Found a transporter.
 15172 | Gauntlet | Found a runed translucent gate.
 15173 | Gauntlet | Found a runed translucent gate.
 15176 | Gauntlet | Found a transporter.
 15189 | Gauntlet | Found a transporter.
 15207 | Gauntlet | Found a transporter.
 15207 | Gauntlet | Found a transporter.
 15212 | Gauntlet | Found a transporter.
 15212 | Gauntlet | Found a transporter.
 15215 | Gauntlet | Found a transporter.
 15216 | Gauntlet | Found a runed translucent door.
 15225 | Gauntlet | Found a runed translucent door.
 15227 | Gauntlet | Found a transporter.
 15244 | Gauntlet | Found a transporter.
 15254 | Gauntlet | Found a transporter.
 15258 | Gauntlet | Found a transporter.
 15315 | Gauntlet | Found a transporter.
 15484 | Gauntlet | Identified the amulet of the Morning {RegenMP Will++ Int+6}
 15550 | Gauntlet | Identified the ring "Umugyen" {rF+ rC+ Str-3 Slay+4}
 15570 | Gauntlet | Identified the +1 ring mail of Boredom {Rampage rN+ MP-9}
 15570 | Gauntlet | Noticed a minotaur
 15582 | Gauntlet | Killed a minotaur
 15583 | Gauntlet | Reached XP level 13. HP: 105/118 MP: 10/15
 16214 | Lair:3   | Reached skill level 5 in Throwing
 16642 | Lair:4   | Found a runed translucent gate.
 16642 | Lair:4   | Found a runed translucent gate.
 16642 | Lair:4   | Found a runed translucent gate.
 16649 | Lair:4   | Noticed Gekot's ghost (journeyman MiBe)
 16651 | Lair:4   | Noticed diceflayer's ghost (journeyman DsHu)
 16723 | Lair:4   | Noticed an azure jelly
 16724 | Lair:4   | Found a runed translucent door.
 16724 | Lair:4   | Found a viscous altar of Jiyva.
 16724 | Lair:4   | Found a staircase to the Slime Pits.
 16724 | Lair:4   | Noticed an azure jelly
 16784 | Lair:4   | Received a gift from Okawaru
 16801 | Lair:4   | You fall into a shaft and drop 1 floor!
 16801 | Lair:5   | Entered Level 5 of the Lair of Beasts
 16819 | Lair:5   | Identified the +10 war axe of the Vulture {freeze, Int+3}
                  | (Okawaru gifted it to you on level 5 of the Lair of Beasts)
 16819 | Lair:5   | Received a gift from Okawaru
 16913 | Lair:5   | Reached ****** piety under Okawaru
 17461 | Lair:4   | Identified the +4 pair of gloves of the Mind {rC+ rN+ Int+3
                  | Slay-5} (Okawaru gifted it to you on level 4 of the Lair of
                  | Beasts)
 17461 | Lair:4   | Received a gift from Okawaru
 17812 | Lair:5   | Reached XP level 14. HP: 124/129 MP: 16/16
 18391 | Lair:5   | Noticed a quicksilver ooze
 18391 | Lair:5   | Noticed a quicksilver ooze
 18398 | Lair:5   | Killed a quicksilver ooze
 18399 | Lair:5   | Noticed an acid blob
 18399 | Lair:5   | Noticed a quicksilver ooze
 18402 | Lair:5   | Noticed a rockslime
 18402 | Lair:5   | Killed a quicksilver ooze
 18404 | Lair:5   | Killed a quicksilver ooze
 18407 | Lair:5   | Noticed a quicksilver ooze
 18408 | Lair:5   | Killed a rockslime
 18410 | Lair:5   | Killed an acid blob
 18412 | Lair:5   | Killed a quicksilver ooze
 18412 | Lair:5   | Identified the +8 broad axe "Misead" {spect, rF+ rCorr}
                  | (Okawaru gifted it to you on level 5 of the Lair of Beasts)
 18412 | Lair:5   | Received a gift from Okawaru
 18697 | Lair:5   | Found a blossoming altar of Fedhas.
 19295 | D:12     | Noticed Sonja
 19308 | Abyss:1  | Cast into level 1 of the Abyss (Sonja)
 19394 | Abyss:1  | Reached skill level 1 in Evocations
 19512 | Abyss:1  | Noticed a tentacled starspawn
 19531 | Abyss:1  | Killed a tentacled starspawn
 19534 | Abyss:1  | Received a gift from Okawaru
 19721 | Abyss:1  | Noticed a tentacled starspawn
 19730 | Abyss:1  | Killed a tentacled starspawn
 19731 | Abyss:1  | Reached XP level 15. HP: 104/139 MP: 18/18
 19800 | D:12     | Escaped the Abyss
 19801 | D:12     | Killed Sonja
 19917 | D:12     | Received a gift from Okawaru
 19918 | D:12     | Reached skill level 15 in Fighting
 20202 | D:12     | Found a staircase to the Orcish Mines.
 20527 | D:13     | Found a frozen archway.
 20593 | IceCv    | Entered an ice cave
 20695 | IceCv    | Reached skill level 15 in Armour
 20768 | IceCv    | Found an ancient bone altar of Kikubaaqudgha.
 21001 | IceCv    | Identified the ring of Ascent {*Slow +Blink rC+++ rN+
                  | Str-5}
 21463 | D:14     | Noticed Lodul
 21474 | D:14     | Killed Lodul
 21630 | D:14     | Found a gate to the Vaults.
 21806 | D:14     | Noticed Snorg
 21816 | D:14     | Killed Snorg
 21816 | D:14     | Received a gift from Okawaru
 21921 | D:14     | Noticed Jorgrun
 21926 | D:14     | Killed Jorgrun
 22051 | D:14     | Found a runed translucent door.
 22051 | D:14     | Noticed Louise
 22063 | D:14     | Killed Louise
 22095 | D:14     | Received a gift from Okawaru
 22312 | D:15     | Entered Level 15 of the Dungeon
 22320 | D:15     | Received a gift from Okawaru
 22364 | D:15     | Received a gift from Okawaru
 22448 | D:15     | Reached XP level 16. HP: 150/150 MP: 20/20
 22449 | D:15     | Reached skill level 5 in Evocations
 22880 | D:15     | Found Wuawnall's Antique Armour Emporium.
 23144 | D:15     | Found a runed translucent gate.
 23144 | D:15     | Found a runed translucent gate.
 23144 | D:15     | Found a runed translucent gate.
 23145 | D:15     | Noticed AyAyRon's ghost (adept DsFi)
 23146 | D:15     | Noticed Yamstis's ghost (adept GnMo)
 23172 | D:15     | Killed AyAyRon's ghost
 23178 | D:15     | Killed Yamstis's ghost
 23185 | D:15     | Identified the ring "Toil" {rElec rF+ rN+++ Will- Stlth-}
 23474 | D:15     | Found a staircase to the Depths.
 23771 | Lair:4   | Killed Gekot's ghost
 23774 | Lair:4   | Killed diceflayer's ghost
 23988 | Orc:1    | Entered Level 1 of the Orcish Mines
 24009 | Orc:1    | Noticed Josephine
 24018 | Orc:1    | Killed Josephine
 24186 | Orc:2    | Entered Level 2 of the Orcish Mines
 24288 | Orc:1    | Found Cuegit's Assorted Antiques.
 24311 | Orc:1    | Found a transporter.
 24315 | Orc:1    | Noticed nullcheck's ghost (journeyman GnCj)
 24349 | Orc:1    | Found a transporter.
 24645 | Orc:1    | Killed nullcheck's ghost
 24725 | Orc:1    | Identified the ring of Eternal Night {Ice rElec Str-4 Int+8
                  | Stlth+}
 24729 | Orc:1    | Identified the +5 halberd "Hukarene" {vamp, rC+}
 24894 | Orc:2    | Noticed Donald
 24904 | Orc:2    | Killed Donald
 24992 | Orc:2    | Found a staircase to the Elven Halls.
 25169 | Orc:2    | Received a gift from Okawaru
 25440 | Orc:2    | Found Amakkam's Book Emporium.
 25440 | Orc:2    | Found Haadane's Assorted Antiques.
 25442 | Orc:2    | Found Pesuz's Armour Shop.
 25444 | Orc:2    | Found Luolahug's Antique Weapon Shoppe.
 25747 | D:15     | Bought a runed plate armour for 754 gold pieces
 25981 | Snake:1  | Entered Level 1 of the Snake Pit
 26193 | Snake:1  | Noticed Aizul
 26209 | Snake:1  | Killed Aizul
 26749 | Snake:1  | Noticed Mlioglotl
 26759 | Snake:1  | Killed Mlioglotl
 27007 | Snake:1  | Noticed Roxanne
 27091 | Snake:1  | Killed Roxanne
 27258 | Snake:2  | Identified the +2 pearl dragon scales "Numutwes" {rF+ rN+}
                  | (Okawaru gifted it to you on level 2 of the Snake Pit)
 27258 | Snake:2  | Received a gift from Okawaru
 27298 | Snake:2  | Found a white marble altar of Elyvilon.
 27409 | Snake:2  | Acquired the amulet of Izo Wain {Reflect Dex+3 SH+5}
 27506 | Snake:2  | Noticed Vashnia
 27510 | Snake:2  | Killed Vashnia
 27511 | Snake:2  | Reached XP level 17. HP: 146/160 MP: 20/22
 28472 | Snake:3  | Found a glowing golden altar of the Shining One.
 28964 | Snake:3  | Received a gift from Okawaru
 29321 | Snake:3  | Found Qywn's Antique Armour Shop.
 29337 | Snake:3  | Bought a faintly humming plate armour for 756 gold pieces
 29337 | Snake:3  | Identified the +10 plate armour "Nusaehet" {rElec rPois}
                  | (You bought it in a shop on level 3 of the Snake Pit)
 29674 | Snake:4  | Entered Level 4 of the Snake Pit
 29796 | Snake:4  | Received a gift from Okawaru
 29982 | Snake:4  | Received a gift from Okawaru
 29986 | Snake:4  | Reached skill level 10 in Throwing
 29991 | Snake:4  | Reached skill level 10 in Invocations
 30204 | Snake:4  | Found Buogg's Distillery.
 30209 | Snake:4  | Found Irrugr Raxi's Magic Scroll Emporium.
 30210 | Snake:4  | Found Opasatal's Weapon Emporium.
 30228 | Snake:4  | Bought a scroll of blinking for 90 gold pieces
 30228 | Snake:4  | Bought a scroll of blinking for 90 gold pieces
 31429 | Snake:4  | Received a gift from Okawaru
 31500 | Snake:4  | Identified the +3 crystal plate armour of Conscience
                  | {Contam rF++ Str+4} (Okawaru gifted it to you on level 4 of
                  | the Snake Pit)
 31500 | Snake:4  | Received a gift from Okawaru
 31539 | Snake:4  | Reached XP level 18. HP: 141/171 MP: 24/24
 31740 | Snake:4  | Got a serpentine rune of Zot
 32240 | Depths:1 | Entered Level 1 of the Depths
 32450 | Swamp:1  | Entered Level 1 of the Swamp
 33631 | Swamp:3  | Received a gift from Okawaru
 33837 | Swamp:3  | Noticed Mara
 33846 | Swamp:3  | Noticed Garym's illusion
 33853 | Swamp:3  | Killed Mara
 34350 | Swamp:4  | Entered Level 4 of the Swamp
 35077 | Swamp:4  | Identified the +1 hat "Xidetoin" {rC+ Stlth+} (Okawaru
                  | gifted it to you on level 4 of the Swamp)
 35077 | Swamp:4  | Received a gift from Okawaru
 35095 | Swamp:4  | Got a decaying rune of Zot
 35350 | Elf:1    | Entered Level 1 of the Elven Halls
 35505 | Elf:1    | Noticed Agnes
 35508 | Elf:1    | Killed Agnes
 35527 | Elf:1    | Reached XP level 19. HP: 182/182 MP: 27/27
 35634 | Elf:1    | Found Jemogett's General Store.
 35877 | Elf:1    | Identified the +1 leather armour of the Quiescent Slorg
                  | {rElec rF++ rCorr Str-3}
 36074 | Elf:1    | Paralysed by an air elemental for 1 turns
 36273 | Elf:2    | Received a gift from Okawaru
 36504 | Elf:2    | Found a shimmering blue altar of Sif Muna.
 36610 | Elf:2    | Found a runed translucent gate.
 36610 | Elf:2    | Found a runed translucent gate.
 36610 | Elf:2    | Found a runed translucent gate.
 37071 | Elf:3    | Entered Level 3 of the Elven Halls
 37226 | Elf:3    | Found a shimmering blue altar of Sif Muna.
 37345 | Elf:3    | Received a gift from Okawaru
 37367 | Elf:3    | Paralysed by an air elemental for 1 turns
 37489 | Elf:3    | Noticed Saint Roka
 37514 | Elf:3    | Killed Saint Roka
 37709 | Elf:3    | Found a corrupted altar of Lugonu.
 38140 | Elf:3    | Reached XP level 20. HP: 178/195 MP: 28/28
 38229 | Elf:3    | Paralysed by an air elemental for 1 turns
 38274 | Elf:3    | Identified the +12 mace "Atoirpher" {flame, Str+4}
 38692 | Elf:3    | Identified the +0 pair of gloves "Vukicirph" {MP+9 Int+3
                  | Dex+3}
 38702 | Elf:3    | Identified the +0 scale mail "Ataatel" {Will+ rCorr Str+5}
 38706 | Elf:3    | Identified the +1 ring mail "Haic" {rN+ Slay+3}
 38771 | Elf:3    | Identified the +5 longbow of Distant Worlds {flame, Fragile
                  | +Blink rN+ Str+3}
 38784 | Elf:3    | Identified the +7 spear of the King {vorpal, rC- rN+ Str+2
                  | Dex+3}
 39358 | Vaults:1 | Entered Level 1 of the Vaults
 39470 | Vaults:1 | Identified the +6 war axe "Yssuinuo" {drain, rPois Will+}
                  | (Okawaru gifted it to you on level 1 of the Vaults)
 39470 | Vaults:1 | Received a gift from Okawaru
 40352 | Vaults:1 | Identified the +2 cloak "Lazyapsy" {rPois rF+ Str+3}
                  | (Okawaru gifted it to you on level 1 of the Vaults)
 40352 | Vaults:1 | Received a gift from Okawaru
 40611 | Vaults:2 | Found Goraivvi's Antique Armour Emporium.
 41590 | Vaults:2 | Found a staircase to the Crypt.
 41590 | Vaults:2 | Found an ancient bone altar of Kikubaaqudgha.
 41591 | Vaults:2 | Found a basalt altar of Yredelemnul.
 41794 | Vaults:3 | Identified the +3 ring mail of the Dungeon {rC+ Str-3 Int+4
                  | Dex+2}
 41849 | Vaults:3 | Noticed Frederick
 41857 | Vaults:3 | Killed Frederick
 42081 | Vaults:3 | Noticed Bai Suzhen
 42093 | Vaults:3 | Killed Bai Suzhen
 42124 | Vaults:3 | Found a runed translucent gate.
 42124 | Vaults:3 | Found a runed translucent gate.
 42124 | Vaults:3 | Found a runed translucent gate.
 42289 | Vaults:3 | Reached XP level 21. HP: 202/206 MP: 29/29
 42290 | Vaults:3 | Identified the +5 quick blade "Hoeson" {protect, Fly rElec
                  | Str+4 Dex-2} (Okawaru gifted it to you on level 3 of the
                  | Vaults)
 42290 | Vaults:3 | Received a gift from Okawaru
 42684 | Vaults:3 | Found a transporter.
 42684 | Vaults:3 | Found a transporter.
 42686 | Vaults:3 | Identified the amulet "Peibot" {rPois Regen+ Stlth+}
 43018 | Vaults:3 | Received a gift from Okawaru
 43032 | Vaults:3 | Received a gift from Okawaru
 43054 | Vaults:3 | Found a runed translucent gate.
 43054 | Vaults:3 | Found a runed translucent gate.
 43060 | Vaults:3 | Found a runed translucent gate.
 43062 | Vaults:3 | Noticed jombi's ghost (adept FeSu)
 43074 | Vaults:3 | Gained mutation: You sometimes lose your temper in combat.
                  | [a cacodemon]
 43082 | Vaults:3 | Killed jombi's ghost
 43134 | Vaults:3 | Identified the +2 pair of gloves "Ylos" {rC- rN+ Will+}
 43253 | Vaults:4 | Noticed Xtahua
 43264 | Vaults:4 | Killed Xtahua
 43361 | Vaults:4 | Identified the +2 robe "Pyppyafe" {Drain +Blink rPois Int-5
                  | Dex+3} (Okawaru gifted it to you on level 4 of the Vaults)
 43361 | Vaults:4 | Received a gift from Okawaru
 43437 | Vaults:4 | Noticed Boris
 43993 | Vaults:4 | Killed Boris
 44064 | Vaults:4 | Found Hirakipp's Weapon Shoppe.
 44955 | Vaults:3 | Reached XP level 22. HP: 220/220 MP: 30/30
 45262 | Depths:1 | Received a gift from Okawaru
 45331 | Depths:1 | Reached XP level 23. HP: 220/227 MP: 31/31
 45525 | Depths:1 | Found a gateway to Hell.
 45613 | Depths:1 | Found a runed translucent door.
 45962 | Depths:1 | Identified the +6 whip "Giantbane" {vorpal, rPois rN+
                  | rCorr}
 46302 | Depths:1 | Identified the +3 morningstar of Zaad {holy, Dex+2}
 46305 | Depths:1 | Got the Vellum of the Dislocated Undead
 46547 | Depths:2 | Noticed an ancient lich
 46550 | Depths:2 | Identified the +0 robe of Okawaru's Favour {*Corrode Str+7}
                  | (Okawaru gifted it to you on level 2 of the Depths)
 46550 | Depths:2 | Received a gift from Okawaru
 46553 | Depths:2 | You fall into a shaft and drop 1 floor!
 46553 | Depths:3 | Noticed Jory
 46565 | Depths:3 | Killed Jory
 46685 | Depths:2 | Noticed Nikola
 46712 | Depths:2 | Killed Nikola
 46970 | Depths:2 | Killed an ancient lich
 47696 | Depths:2 | Found a one-way gate leading to the halls of Pandemonium.
 47920 | Depths:3 | Found a one-way gateway to a ziggurat.
 47940 | Depths:3 | Identified the +2 ring mail "Sasepoju" {Fly rF+ rC+ Int-5}
                  | (Okawaru gifted it to you on level 3 of the Depths)
 47940 | Depths:3 | Received a gift from Okawaru
 47990 | Depths:3 | Found a one-way gate to the infinite horrors of the Abyss.
 48564 | Depths:3 | Found a runed translucent door.
 48619 | Depths:3 | Noticed a juggernaut
 48622 | Depths:3 | Found a runed translucent door.
 48887 | Depths:3 | Noticed a caustic shrike
 48887 | Depths:3 | Noticed a caustic shrike
 48894 | Depths:3 | Noticed a juggernaut
 48901 | Depths:3 | Killed a juggernaut
 48913 | Depths:3 | Reached XP level 24. HP: 242/242 MP: 26/31
 48958 | Depths:3 | Paralysed by a floating eye for 3 turns
 48967 | Depths:3 | Paralysed by a floating eye for 2 turns
 48983 | Depths:3 | Killed a juggernaut
 48985 | Depths:3 | Paralysed by a floating eye for 2 turns
 48992 | Depths:3 | Paralysed by a floating eye for 4 turns
 49000 | Depths:3 | Paralysed by a floating eye for 4 turns
 49009 | Depths:3 | Paralysed by a floating eye for 3 turns
 49014 | Depths:3 | Paralysed by a floating eye for 3 turns
 49021 | Depths:3 | Paralysed by a floating eye for 3 turns
 49028 | Depths:3 | Paralysed by a floating eye for 2 turns
 49178 | Depths:3 | Identified the ring of Tamiett {rC+ rCorr Int+2 Dex+7
                  | Slay-3}
 49225 | Depths:4 | Entered Level 4 of the Depths
 49423 | Depths:4 | Reached skill level 27 in Shields
 49558 | Depths:4 | Received a gift from Okawaru
 49783 | Depths:4 | Found Kiholix's Antique Armour Shop.
 49850 | Depths:4 | Bought a pair of faintly humming boots for 313 gold pieces
 49850 | Depths:4 | Identified the +0 pair of boots of Vomed {rF- Str+2 Dex+6}
                  | (You bought it in a shop on level 4 of the Depths)
 50361 | Depths:4 | Found a gate to the Realm of Zot.
 50702 | Vaults:5 | Entered Level 5 of the Vaults
 50720 | Vaults:5 | Received a gift from Okawaru
 50885 | Vaults:5 | Received a gift from Okawaru
 50885 | Vaults:5 | Found the +2 hood of the Assassin {Detection Stab+ Stlth++}
 50893 | Vaults:5 | Noticed a dread lich
 50899 | Vaults:5 | Killed a dread lich
 50972 | Vaults:5 | Identified the +11 great mace of the Egg {protect, Drain
                  | rPois rF+ rC++}
 51076 | Vaults:5 | Noticed Boris
 51088 | Vaults:5 | Killed Boris
 51145 | Vaults:5 | Identified the +11 falchion of Ancient Evil {vamp, rElec
                  | rPois Will- rCorr}
 51597 | Vaults:5 | Reached skill level 27 in Fighting
 51599 | Vaults:5 | Reached XP level 25. HP: 135/257 MP: 31/31
 51966 | Vaults:5 | Reached skill level 27 in Armour
 51971 | Vaults:5 | Reached skill level 1 in Spellcasting
 52443 | Vaults:5 | Identified the +1 leather armour of Uxkikasm {rF+ Will+
                  | Int+4}
 52444 | Vaults:5 | Identified the +5 quick blade of Yredelemnul's Anger {vamp,
                  | Dex+5}
 52457 | Vaults:5 | Noticed an ancient lich
 52471 | Vaults:5 | Killed an ancient lich
 52524 | Vaults:5 | Got a silver rune of Zot
 53719 | Slime:1  | Entered Level 1 of the Pits of Slime
 53732 | Slime:1  | Received a gift from Okawaru
 53974 | Slime:1  | Gained mutation: Your movements are slightly less
                  | encumbered by armour. (ER -2) [a shining eye]
 53990 | Slime:1  | Gained mutation: You are dopey. (Int -2) [a shining eye]
 54767 | Zot:1    | Entered Level 1 of the Realm of Zot
 55298 | Depths:4 | Received a gift from Okawaru
 56553 | Zot:1    | Reached skill level 5 in Spellcasting
 57328 | Zot:1    | Received a gift from Okawaru
 57824 | Zot:2    | Reached skill level 1 in Dodging
 57849 | Zot:2    | Received a gift from Okawaru
 58318 | Zot:2    | Received a gift from Okawaru
 58672 | Zot:2    | Identified the +2 hat of Taih {rElec rPois Str-5 Stlth+}
                  | (Okawaru gifted it to you on level 2 of the Realm of Zot)
 58672 | Zot:2    | Received a gift from Okawaru
 59270 | Zot:3    | Noticed a Killer Klown
 59278 | Zot:3    | Killed a Killer Klown
 60518 | Zot:3    | Reached XP level 26. HP: 266/266 MP: 26/32
 61611 | Zot:4    | Reached skill level 5 in Dodging
 62259 | Zot:5    | Entered Level 5 of the Realm of Zot
 62371 | Zot:5    | Found a runed translucent door.
 62375 | Zot:5    | Noticed Gekot's ghost (veteran MiBe)
 62661 | Zot:5    | Killed Gekot's ghost
 62960 | Zot:5    | Noticed a dread lich
 62972 | Zot:5    | Killed a dread lich
 62981 | Zot:5    | Noticed an ancient lich
 63000 | Zot:5    | Killed an ancient lich
 63000 | Zot:5    | Received a gift from Okawaru
 63004 | Zot:5    | Noticed an ancient lich
 63014 | Zot:5    | Noticed a dread lich
 63015 | Zot:5    | Noticed an orb of fire
 63017 | Zot:5    | Noticed an orb of fire
 63350 | Zot:4    | Killed a dread lich
 63420 | Zot:5    | Gained mutation: You occasionally lose the ability to read
                  | scrolls when taking damage. [an orb of fire]
 63421 | Zot:5    | Killed an orb of fire
 63421 | Zot:5    | Received a gift from Okawaru
 63464 | Zot:5    | Noticed an ancient lich
 63831 | Zot:5    | Killed an ancient lich
 63843 | Zot:5    | Noticed a dread lich
 63872 | Zot:4    | Killed a dread lich
 64063 | Zot:5    | Reached skill level 10 in Evocations
 64155 | Zot:5    | Received a gift from Okawaru
 64533 | Zot:5    | Received a gift from Okawaru
 64545 | Zot:5    | Noticed a dread lich
 64561 | Zot:5    | Killed a dread lich
 64947 | Zot:5    | Acquired a manual of Invocations
 65033 | Zot:5    | Noticed a dread lich
 65071 | Zot:5    | Killed an orb of fire
 65304 | Zot:5    | Reached skill level 15 in Invocations
 65396 | Zot:5    | Killed a dread lich
 65470 | Zot:5    | Reached skill level 15 in Throwing
 66055 | Zot:5    | Got the Orb of Zot
 66365 | Depths:2 | Noticed Boris
 66374 | Depths:2 | Killed Boris
 66375 | Depths:2 | Reached XP level 27. HP: 234/272 MP: 28/34
 66450 | Depths:1 | Noticed a seraph
 66845 | D:7      | Received a gift from Okawaru
 66924 | D:3      | Noticed Mizoclue the pandemonium lord
 67022 | D:$      | Escaped with the Orb!

Illustrated notes

Levels and vault maps discovered:
D:1:      dpeg_arrival_radiant, layout_rooms, serial_shops,
          nicolae_shop_behind_doors, shapermc_ecumenical_altar_totnotflames,
          skrybe_limestone_x
D:2:      minmay_spotlight, layout_basic, nrook_mini_backslash, hex_tiny,
          supply_closet_lemuel, uniq_jessica, uniq_crazy_yiuf_cottage
D:3:      layout_basic, chequers_temple_overflow_statue_of_worship,
          minmay_hedge_maze, chequers_big_river
D:4:      layout_loops_cross
D:5:      layout_basic, serial_shops, shop_fountains, minmay_misc_feat_enclosed,
          feat_on_display
D:6:      layout_basic, uniq_grinder, uniq_maggie, uniq_prince_ribbit1,
          uniq_blork_the_orc
D:7:      layout_rooms, tso_altar, minmay_temple_entry_mini_moons, uniq_pikel
D:8:      layout_loops_ring, lightli_bailey_entry_fortress, st_stairs_7,
          grunt_ministairs_10, uniq_maurice
D:9:      layout_roguey, glass_columns_a, uniq_psyche
D:10:     layout_irregular_city, serial_column_ruins, column_ruins_hut,
          column_ruins_hut, column_ruins_grid_1, column_ruins_grid_1,
          column_ruins_columns_straight, column_ruins_corridor_dead_end,
          column_ruins_open_medium_water, minmay_misc_feat_alley,
          hangedman_weighted_door
D:11:     layout_small_grid, david_lair_generic, minmay_misc_feat_rugged,
          sword_in_stone
D:12:     layout_loops_ring, kennysheep_orc_monster_closet_entryway,
          minmay_shattered_shrine, uniq_sonja
D:13:     layout_cave_pools, portal_ice_cave_entry_pillars_1
D:14:     layout_gridville, david_vaults_5, serial_bayou_shore_b, minivault_13,
          uniq_louise, uniq_jorgrun, uniq_snorg, uniq_lodul
D:15:     hangedman_depths_entry_civil_slaughter, layout_stronghold,
          gammafunk_ghost_cemetery, serial_shops, nicolae_shop_crystal,
          grunt_ministairs_15, minmay_misc_feat_four_crosses,
          hangedman_decor_points
Temple:   hellmonk_temple_of_storms
Lair:1:   layout_chaotic_city, chequers_serial_rivers_micro_a
Lair:2:   layout_loops_ring, dummy_snake_entry, nicolae_volcano_entry_s_turn,
          grunt_megastairs_5
Lair:3:   layout_regular_city, minmay_swamp_entry_reptiles,
          gauntlet_entry_generic
Lair:4:   layout_cave_pods, slime_entry_2, gammafunk_ghost_cemetery,
          minivault_19, lemuel_fruit_fields, lemuel_fruit_fields,
          infiniplex_staircase_pool, lemuel_fruit_tree
Lair:5:   gammafunk_lair_ancient_temple, layout_loops_ring, special_room
          [special_room_jelly], tgw_fedhas, lemuel_fruit_fields,
          serial_bayou_shore_a
Swamp:1:  layout_basic_swamp, nicolae_swamp_bean_lake
Swamp:2:  layout_basic_swamp, evilmike_swamp_ruin_house_1
Swamp:3:  layout_basic_swamp, evilmike_swamp_ruin_rubble_2, swamp_pool3,
          uniq_mara
Swamp:4:  swamp_icy, layout_basic_swamp
Snake:1:  layout_grid_maze, serial_bayou_shore_b, uniq_roxanne, uniq_aizul,
          uniq_mlioglotl
Snake:2:  layout_rooms, basic_altar, nicolae_snake_gridmaze_tees,
          grunt_megastairs_2, uniq_vashnia
Snake:3:  layout_misc_corridors, basic_altar, minmay_shop_star
Snake:4:  snake_pit_salamanders_mu, layout_onion,
          nicolae_snake_serpentine_bazaar
Slime:1:  layout_caves
Orc:1:    layout_diamond_mine, gammafunk_ghost_berserking_beasts, serial_shops,
          nicolae_shop_statue_plus, david_defended_altar_orc, uniq_josephine
Orc:2:    st_orc_rangers, layout_diamond_mine, uniq_donald
Elf:1:    eino_elf_arrival_shootout, layout_gridlike, serial_shops,
          nicolae_square_shop, evilmike_minifort, uniq_agnes
Elf:2:    elven_hall_of_blades_hangedman_original [nooodl_blade_entry_preview],
          layout_loops_cross, basic_altar, lemuel_elevator
Elf:3:    elf_hall, layout_gridlike, basic_altar, nicolae_elf_theology_debate,
          uniq_saint_roka
Vaults:1: nicolae_vaults_rhombus_7, nicolae_vaults_asterisk, v_rooms_3,
          hangedman_vaults_hat, nicolae_vaults_specimen_jars,
          ontoclasm_vaults_fault, nicolae_vaults_little_squares_4,
          nicolae_vaults_network_periphery, vaults_room_hallway,
          grunt_vaults_swirl, nicolae_vaults_stairing_the_circle,
          nicolae_vaults_an_arrangement, nicolae_vaults_theta,
          layout_vaults_omnibox
Vaults:2: grunt_vaults_bifocal, vaults_room_semicircle, nicolae_vaults_octagons,
          ontoclasm_vaults_eye, minmay_crypt_entry_necro_gods,
          nicolae_vaults_mini_display_case, vaults_room_fours,
          layout_vaults_omnigrid, serial_shops, shop_statue
Vaults:3: ploomutoo_gammafunk_ghost_potion_laboratory, gammafunk_the_bubble
          [the_bubble_gammafunk_plus_minus], v_misc_22, v_pattern_5,
          vaults_dpeg_ring, v_misc_3, ontoclasm_vaults_misaligned, v_misc_9,
          vaults_dpeg_emergency_exit, vaults_room_hallway,
          vaults_room_semicircle, nicolae_vaults_border_crossing,
          layout_vaults_omnicross, uniq_frederick, uniq_bai_suzhen
Vaults:4: nicolae_vaults_back_hallway, ontoclasm_vaults_ring_large,
          grunt_vaults_trifunnel, nicolae_vaults_puzzle_piece,
          nicolae_vaults_theta, nicolae_vaults_three_branches,
          vaults_room_grunt_arrival_checkpoint, vaults_room_corners,
          nicolae_vaults_gold_heap, vaults_room_pool, vaults_room_pools,
          vaults_room_stairs_pillars, layout_vaults_big_room, serial_shops,
          nicolae_shop_bloodbath_and_beyond, uniq_xtahua, uniq_boris
Vaults:5
Depths:1: layout_cross, hell_entry, chequers_serial_rivers_micro_e,
          dk_noncrumbling_2, nicolae_eternal_life, minmay_crystal_box,
          grunt_megastairs_1
Depths:2: minmay_the_grid_3x3 [minmay_the_grid_tri_star,
          minmay_the_grid_gridbox, minmay_the_grid_eight,
          minmay_the_grid_aliased_spiral, minmay_the_grid_medium_cups,
          minmay_the_grid_empty, minmay_the_grid_x, minmay_the_grid_tree,
          minmay_the_grid_prize_trominoes], layout_honeycomb,
          minmay_misc_feat_secret_circle, grunt_hell_entry_dis_grunt,
          grunt_pan_entry_spiral, uniq_nikola
Depths:3: minmay_expanding_circles, layout_twisted_cross, enter_ziggurat_a,
          chequers_serial_rivers_micro_a, abyss_entry,
          grunt_hell_entry_demonic_statue, infiniplex_staircase_pool_2,
          uniq_josephina, uniq_margery, uniq_jory
Depths:4: evilmike_zot_entry_diamond, layout_gridlike, serial_shops,
          nicolae_square_shop, hangedman_geh_valley
Zot:1:    layout_cathedral_of_symmetry
Zot:2:    kennysheep_six_static_rooms, layout_basic
Zot:3:    layout_gridlike
Zot:4:    layout_onion, grunt_ministairs_3, lemuel_elevator
Zot:5:    layout_misc_corridors, ebering_ghost_inner_flame

Skill      XL: |  1  2  3  4  5  6  7  8  9 10 11 12 13 14 15 16 17 18 19 20 21 22 23 24 25 26 27 |
---------------+----------------------------------------------------------------------------------+-----
Axes           | 3 4 5 6 7 9 11 12 14 16 17 18 | 18.0
Shields        | 4 5 7 9 11 12 14 15 16 18 19 20 21 22 23 25 26 27 | 27.0
Armour         | 4 5 6 7 8 9 10 11 13 14 15 16 17 18 20 21 23 24 26 27 | 27.0
Fighting       | 4 5 6 7 8 9 10 12 13 14 15 16 17 19 20 21 23 25 27 | 27.0
Invocations    | 3 5 7 9 10 12 13 15 | 15.6
Throwing       | 4 5 7 9 10 13 15 | 15.2
Evocations     | 2 4 6 8 10 11 | 11.0
Spellcasting   | 6 8 |  8.3
Dodging        | 4 8 9 |  9.0

Action                   |  1- 3 |  4- 6 |  7- 9 | 10-12 | 13-15 | 16-18 | 19-21 | 22-24 | 25-27 || total
-------------------------+-------+-------+-------+-------+-------+-------+-------+-------+-------++-------
Melee: War axe           |    81 |   132 |   192 |   142 |   150 |       |       |       |       ||   697
       Headbutt          |     7 |    19 |    37 |   121 |   178 |   206 |   229 |   214 |   394 ||  1405
       Broad axe         |       |       |       |   414 |   509 |   776 |   815 |   663 |  1097 ||  4274
Throw: Boomerang         |       |     4 |    25 |     3 |       |    36 |     6 |   180 |    79 ||   333
       Dart              |       |       |    11 |    75 |    30 |     3 |       |       |     8 ||   127
       Javelin           |       |       |       |       |       |       |     4 |     2 |       ||     6
Invok: Heroism           |       |       |       |    12 |     7 |     7 |     9 |     7 |    23 ||    65
       Finesse           |       |       |       |     4 |     5 |     7 |     9 |     8 |    22 ||    55
Evoke: Wand              |       |       |       |       |     7 |       |       |       |       ||     7
  Use: Scroll            |       |     7 |     3 |    14 |     8 |     6 |     2 |     4 |    15 ||    59
       Potion            |       |     1 |       |     2 |       |     1 |     3 |       |    11 ||    18
 Stab: Distracted        |       |       |       |       |     6 |    23 |    13 |    18 |     3 ||    63
       Paralysed         |       |       |       |       |       |       |       |     1 |       ||     1
Armor: Scale mail        |    12 |       |       |       |       |       |       |       |       ||    12
       Chain mail        |    24 |    82 |   124 |   244 |   192 |    24 |       |       |       ||   690
       Plate armour      |       |       |       |       |       |   323 |   168 |   269 |   392 ||  1152
Dodge: Dodged            |    42 |    44 |    64 |   162 |    92 |   115 |    67 |    94 |   198 ||   878
       Repelled          |       |       |       |       |     2 |       |       |       |       ||     2
Block: Buckler           |    19 |    22 |    55 |    63 |       |       |       |       |       ||   159
       Kite shield       |       |       |       |   196 |   299 |   413 |       |       |       ||   908
       Reflection        |       |       |       |       |    11 |   129 |   121 |    23 |    19 ||   303
       Tower shield      |       |       |       |       |       |   251 |   680 |   637 |  1084 ||  2652
